 Dungeon Crawl Stone Soup version 0.25.1-1-g288607f5aa (webtiles) character file.

Game seed: 17853507133672359465

73 H0rd4k the Insei (level 4, -4/28 HPs)
             Began as an Octopode Transmuter on July 20, 2020.
             Slain by Grinder (5 damage)
             ... on level 3 of the Dungeon.
             The game lasted 00:01:33 (1370 turns).

H0rd4k the Insei (Octopode Transmuter)              Turns: 1370, Time: 00:01:33

Health: -4/28      AC:  1    Str:  9    XL:     4   Next: 27%
Magic:  7/7        EV: 13    Int: 16    God:
Gold:   42         SH:  0    Dex: 12    Spells: 2/8 levels left

rFire    . . .     SeeInvis .     - Unarmed
rCold    . . .     Gourm    .   (no shield)
rNeg     . . .     Faith    .   (helmet restricted)
rPois    +         Spirit   .   (no amulet)
rElec    .         Reflect  .   l - ring of poison resistance
rCorr    .         Harm     .   (no ring)
MR       .....                  (no ring)
Stlth    +++.......             (no ring)
HPRegen  0.09/turn              (no ring)
MPRegen  0.10/turn              (no ring)
                                (no ring)
                                (no ring)

@: appendage (expiring)
A: almost no armour, stealthy swim, amphibious, 8 rings, constrict 8, tentacle
spike 3, camouflage 1, gelatinous body 1
a: End Transformation


You were on level 3 of the Dungeon.
You were not hungry.
One of your tentacles had a temporary spike.
You visited 1 branch of the dungeon, and saw 3 of its levels.

You collected 42 gold pieces.

Inventory:

Missiles
 a - 69 arrows
 g - 17 poisoned darts (quivered)
Jewellery
 l - a ring of poison resistance (left tentacle)
Scrolls
 b - a scroll of fear {unknown}
 f - 2 scrolls of teleportation {unknown}
 h - a scroll of noise {unknown}
 i - 2 scrolls of remove curse {unknown}
Potions
 d - 2 potions of brilliance {unknown}
 e - a potion of curing
 k - 2 potions of heal wounds {unknown}
 m - a potion of invisibility {unknown}
 n - a potion of haste {unknown}
 o - a potion of stabbing {unknown}
Comestibles
 c - a ration
 j - a chunk of flesh


   Skills:
 + Level 1.2 Fighting
 + Level 2.2 Dodging
 + Level 1.9 Stealth
 + Level 3.8 Unarmed Combat
 * Level 2.6 Spellcasting
 * Level 2.3 Transmutations


You had 2 spell levels left.
You knew the following spells:

 Your Spells              Type           Power        Failure   Level  Hunger
a - Beastly Appendage     Tmut           #.....       8%          1    #......
b - Sticks to Snakes      Tmut           #.......     11%         2    ##.....
c - Spider Form           Tmut/Pois      #.........   34%         3    ###....

Your spell library contained the following spells:

 Spells                   Type           Power        Failure   Level  Hunger
 Ice Form                 Ice/Tmut       #.......     75%         4    #####..
 Blade Hands              Tmut           #.........   90%         5    ######.


Dungeon Overview and Level Annotations

Branches:
Dungeon (3/15)

Altars:

Annotations:
D:2 Robin
D:3 Grinder


Innate Abilities, Weirdness & Mutations

You cannot wear most types of armour.
You are very stealthy in the water. (Stealth+)
You are amphibious.
You can wear up to eight rings at the same time.
You can use your tentacles to constrict eight enemies at once.
Your skin changes colour to match your surroundings (Stealth+).
Your rubbery body absorbs attacks. (AC +1, EV +1)
One of your tentacles bears a large vicious spike.


Message History

Grinder is moderately wounded.
You constrict Grinder. Grinder closely misses you.
You tentacle-slap Grinder. You squeeze Grinder.
Grinder is heavily wounded.
You constrict Grinder, but do no damage.
Grinder hits you.
* * * LOW HITPOINT WARNING * * *
You writhe in agony.
* * * LOW HITPOINT WARNING * * *
It was a potion of curing.
You feel better.
You constrict Grinder, but do no damage.
Grinder hits you.
* * * LOW HITPOINT WARNING * * *
You writhe in agony.
* * * LOW HITPOINT WARNING * * *
Unknown command.
You feel better.
You constrict Grinder. Grinder hits you!
* * * LOW HITPOINT WARNING * * *
You writhe in agony.
You die...

#..........#..........
#####....####...##..#.
...#.# ##.## ##
.####.# #.# . .# #.# #
.# #.# #.# ###.# #.@.#
#5### #.<.....#
#..###### #..# ...#
#.## # #.# . ..#


You could see Grinder.

Vanquished Creatures
  Terence (D:3)
  2 adders
  An ooze (D:2)
  A dart slug (D:1)
  4 bats
  A giant cockroach (D:1)
  5 goblins
  3 kobolds
  2 frilled lizards
  5 rats
25 creatures vanquished.

Notes
Turn   | Place    | Note
-------+----------+-------------------------------------------
     0 | D:1      | H0rd4k the Octopode Transmuter began the quest for the Orb.
     0 | D:1      | Reached XP level 1. HP: 13/13 MP: 3/3
   188 | D:1      | Reached XP level 2. HP: 18/18 MP: 5/5
   192 | D:1      | Learned a level 2 spell: Sticks to Snakes
   850 | D:2      | Reached skill level 1 in Stealth
   852 | D:2      | Reached XP level 3. HP: 18/23 MP: 4/6
   857 | D:2      | Learned a level 3 spell: Spider Form
  1101 | D:2      | Noticed Robin
  1208 | D:3      | Noticed Terence
  1219 | D:3      | Killed Terence
  1219 | D:3      | Reached XP level 4. HP: 21/28 MP: 5/7
  1356 | D:3      | Noticed Grinder
  1369 | D:3      | HP: 1/28 [Grinder (2)]
  1370 | D:3      | Slain by Grinder

Illustrated notes

Levels and vault maps discovered:
D:1:      shiori_arrival_elements, layout_basic, minivault_19,
          minmay_pentomino_s4
D:2:      layout_basic, hangedman_abyss_or_decor_lesser_grid, uniq_robin
D:3:      layout_loops_ring, grunt_decor_cap, uniq_terence, uniq_ijyb,
          uniq_grinder

Skill      XL: |  1  2 |
---------------+-------+-----
Stealth        | 1 |  1.9
Fighting       | |  1.2
Dodging        | |  2.2
Unarmed Combat | |  3.8
Spellcasting   | |  2.6
Transmutations | |  2.3

Action                   |  1- 3 |  4- 6 || total
-------------------------+-------+-------++-------
Melee: Unarmed           |    45 |    19 ||    64
       Constrict         |    11 |     3 ||    14
       Tentacles         |     9 |     3 ||    12
       Kick              |     4 |     3 ||     7
 Cast: Beastly Appendage |     2 |     2 ||     4
  Use: Potion            |       |     2 ||     2
 Stab: Sleeping          |     4 |     2 ||     6
  Eat: Chunk             |     1 |       ||     1
Armor: Skin              |     5 |     2 ||     7
Dodge: Dodged            |    27 |    11 ||    38
